 Dungeon Crawl Stone Soup version 0.25.1-2-g60ff931df9 (webtiles) character file.

Game seed: 8421409833006214816

241976 gruber the Peltast (level 20, -7/115 HPs)
             Began as a Gargoyle Ice Elementalist on Nov 28, 2020.
             Was the Champion of Makhleb.
             Killed from afar by a deep elf knight (16 damage)
             ... with a lance of force
             ... on level 2 of the Elven Halls on Nov 29, 2020.
             The game lasted 01:21:20 (42893 turns).

gruber the Peltast (Gargoyle Ice Elementalist)     Turns: 42893, Time: 01:21:21

Health: -7/115     AC: 32    Str: 17    XL:     20   Next: 19%
Magic:  24/29      EV: 16    Int: 20    God:    Makhleb [******]
Gold:   3709       SH: 21    Dex: 10    Spells: 15/31 levels left

rFire    + . .     SeeInvis .   i - +2 eveningstar (flame)
rCold    + + .     Gourm    .   E - +0 tower shield {rC+}
rNeg     + + .     Faith    .   a - +4 Cigotuvi's embrace {rRot *Drain rN+}
rPois    ∞         Spirit   .   l - +0 helmet
rElec    +         Reflect  .   R - +0 cloak {rC+}
rCorr    .         Harm     .   T - +0 pair of gloves
MR       ++...                  b - +2 pair of boots {Stlth+}
Stlth    +++.......             j - amulet of regeneration
HPRegen  0.69/turn              Z - ring of protection from magic
MPRegen  0.21/turn              P - ring of protection from fire

@: flying, very slightly contaminated
A: big wings, negative energy resistance 1, electricity resistance, unbreathing,
petrification resistance, rot immunity, AC +15
a: Stop Flying, Minor Destruction, Lesser Servant of Makhleb, Major Destruction,
Greater Servant of Makhleb, Renounce Religion


You were on level 2 of the Elven Halls.
You worshipped Makhleb.
Makhleb was exalted by your worship.
You were not hungry.

You visited 8 branches of the dungeon, and saw 34 of its levels.
You also visited: Bailey and Ice Cave.

You collected 4824 gold pieces.
You spent 1115 gold pieces at shops.

Inventory:

Hand Weapons
 i - a +2 eveningstar of flaming (weapon)
 F - the +5 demon whip "Spellbinder" {antimagic, MR+}
   (You found it on level 4 of the Dungeon)

   It reduces the magical energy of the wielder, and disrupts the spells and
   magical abilities of those hit.
   Natural abilities and divine invocations are not affected.
   It affects your resistance to hostile enchantments.
Missiles
 w - 9 throwing nets
 D - 7 javelins (quivered)
 U - 3 curare-tipped darts
Armour
 a - the +4 Cigotuvi's embrace (worn) {rRot *Drain rN+}
   (You bought it in a shop on level 2 of the Orcish Mines)

   It protects you from negative energy.
   It causes draining when unequipped.
 b - a +2 pair of boots of stealth (worn)
 l - a +0 helmet (worn)
 E - a +0 tower shield of cold resistance (worn)
 R - a +0 cloak of cold resistance (worn)
 T - a +0 pair of gloves (worn)
Jewellery
 j - an amulet of regeneration (around neck)
 q - an uncursed ring of wizardry
 s - an uncursed ring of resist corrosion
 P - a ring of protection from fire (right hand)
 Z - a ring of protection from magic (left hand)
Wands
 d - a wand of digging (11)
 z - a wand of paralysis (40)
 G - a wand of polymorph (31)
 H - a wand of acid (19)
 L - a wand of disintegration (19)
 Q - a wand of iceblast (40)
Scrolls
 e - 16 scrolls of teleportation
 h - 2 scrolls of vulnerability
 m - a scroll of silence
 o - 4 scrolls of fear
 p - a scroll of holy word
 t - 2 scrolls of brand weapon
 u - 4 scrolls of magic mapping
 x - 2 scrolls of blinking
 y - 14 scrolls of remove curse
 C - 2 scrolls of immolation
 I - 6 scrolls of identify
 J - 4 scrolls of fog
 O - 7 scrolls of enchant weapon
Potions
 f - 8 potions of stabbing
 g - 7 potions of lignification
 k - 11 potions of curing
 n - 8 potions of might
 r - 2 potions of ambrosia
 v - 2 potions of magic
 B - 3 potions of haste
 K - 7 potions of invisibility
 N - 2 potions of cancellation
 V - 5 potions of brilliance
 W - 2 potions of berserk rage
 X - 6 potions of heal wounds
 Y - 4 potions of resistance
Comestibles
 c - 43 rations


   Skills:
 - Level 9.0 Fighting
 - Level 16.0 Maces & Flails
   Level 0.5(10.7) Staves
 - Level 14.0 Armour
 - Level 11.3 Dodging
 - Level 6.2 Stealth
 * Level 19.8 Shields
 - Level 6.2 Spellcasting
 - Level 0.6 Conjurations
 - Level 3.4 Summonings
 - Level 7.4 Ice Magic
   Level 0.7 Air Magic
 - Level 5.1 Earth Magic
 - Level 10.0 Invocations


You had 15 spell levels left.
You knew the following spells:

 Your Spells              Type           Power        Failure   Level  Hunger
a - Freeze                Ice            ####         1%          1    None
b - Frozen Ramparts       Ice            #####.       3%          3    ##.....
c - Hailstorm             Conj/Ice       ###.....     38%         4    ####...
d - Petrify               Tmut/Erth      ###.....     61%         4    ####...
e - Summon Ice Beast      Ice/Summ       ####....     24%         4    ####...

Your spell library contained the following spells:

 Spells                   Type           Power        Failure   Level  Hunger
 Summon Small Mammal      Summ           ###.         5%          1    None
 Ensorcelled Hibernation  Hex/Ice        ###...       8%          2    None
 Call Imp                 Summ           ###.....     9%          2    None
 Ozocubu's Armour         Chrm/Ice       ###.....     14%         3    ##.....
 Foxfire                  Conj/Fire      #...         21%         1    None
 Animate Skeleton         Necr           N/A          22%         1    None
 Apportation              Tloc           #.....       22%         1    None
 Corona                   Hex            #......      22%         1    None
 Pain                     Necr           #...         22%         1    None
 Searing Ray              Conj           #.....       26%         2    None
 Poisonous Vapours        Pois/Air       #.....       28%         2    None
 Sticks to Snakes         Tmut           #.......     34%         2    None
 Static Discharge         Conj/Air       #.......     45%         3    ##.....
 Mephitic Cloud           Conj/Pois/Air  #.......     50%         3    ##.....
 Conjure Flame            Conj/Fire      #.......     52%         3    ##.....
 Dazzling Flash           Conj/Hex       #.....       52%         3    ##.....
 Confusing Touch          Hex            #.......     56%         3    ##.....
 Gell's Gravitas          Tloc           #.........   56%         3    ##.....
 Tukima's Dance           Hex            #.......     56%         3    ##.....
 Vampiric Draining        Necr           #.........   56%         3    ##.....
 Metabolic Englaciation   Hex/Ice        ###.......   80%         5    #####..
 Summon Demon             Summ           ###.......   83%         5    #####..
 Animate Dead             Necr           N/A          92%         4    ####...
 Cause Fear               Hex            #.........   92%         4    ####...
 Agony                    Necr           #.......     99%         5    #####..
 Blade Hands              Tmut           #.........   99%         5    #####..
 Excruciating Wounds      Chrm/Necr      #.........   99%         5    #####..
 Fireball                 Conj/Fire      #.........   99%         5    #####..
 Lightning Bolt           Conj/Air       #.........   99%         5    #####..
 Silence                  Hex/Air        #.........   99%         5    #####..
 Yara's Violent Unravell  Hex/Tmut       #.........   99%         5    #####..
 Freezing Cloud           Conj/Ice/Air   ###.......   100%        6    #######
 Starburst                Conj/Fire      #.........   100%        6    #######
 Dragon Form              Tmut           #.........   100%        7    #######
 Ring of Flames           Chrm/Fire      #.........   100%        7    #######
 Discord                  Hex            #.........   100%        8    #######
 Ignition                 Fire           #.........   100%        8    #######
 Dragon's Call            Summ           ###.......   100%        9    #######
 Shatter                  Erth           ####......   100%        9    #######
 Tornado                  Air            #.........   100%        9    #######
 Statue Form              Tmut/Erth      Unusable     N/A         6    N/A

Dungeon Overview and Level Annotations

Branches:
Dungeon (15/15)            Temple (1/1) D:5            Lair (6/6) D:11
 Shoals (3/4) Lair:4        Snake (4/4) Lair:4        Slime (0/5) Lair:5
    Orc (2/2) D:10            Elf (2/3) Orc:2        Vaults (0/5) D:13
 Depths (1/5) D:15         Bailey (visited)           IceCv (visited)

Altars:
Ashenzari
Cheibriados
Dithmenos
Elyvilon
Fedhas
Gozag
Hepliaklqana
Kikubaaqudgha
Makhleb
Nemelex Xobeh
Okawaru
Qazlal
Ru
Sif Muna
Trog
Uskayaw
Vehumet
Wu Jian
Xom
Yredelemnul
Zin
The Shining One
Beogh
Jiyva

Shops:
D:6 %   D:9 *   D:10 [   D:13 ?   D:14 %   Orc:2 :%(=*[   Elf:1 (}=}
Snake:3 [!   Depths:1 [

Portals:
Hell: Depths:1
Pandemonium: Depths:1
Trove: D:13 (give 17 scrolls of teleportation)

Annotations:
D:8 3 runed translucent doors, Maurice; ioannis32's ghost, novice DsBe
D:15 Roxanne
Lair:5 3 runed translucent doors, exclusion: oklob plant, Boesisch's ghost, journeyman DrFE
Shoals:1 3 runed translucent doors, Wecaes's ghost, journeyman HOFE


Innate Abilities, Weirdness & Mutations

You are resistant to torment.
Your stone body is resilient. (AC +15)
You are immune to poison.
Your large and strong wings let you fly indefinitely.
You resist negative energy. (rN+)
You are resistant to electric shocks. (rElec)
You can survive without breathing.
You are immune to petrification.
You are immune to rotting.


Message History

The deep elf knight gestures at you while chanting.
The lance of force hits you!
* * * LOW HITPOINT WARNING * * *
You are knocked back by the lance of force.
The deep elf knight casts a spell at you.
The stone arrow hits you!
* * * LOW HITPOINT WARNING * * *
The deep elf knight unwields a +0 scimitar.
The deep elf knight wields a +0 shortbow of freezing.
It is covered in frost.
The deep elf knight shoots an arrow.
The arrow hits you but does no damage.
Casting: Frozen Ramparts (mildly dangerous; 3% risk of failure)
Confirm with . or Enter, or press ? or * to list all spells.
You miscast Hailstorm.
You are very lightly contaminated with residual magic.
A chill runs through your body. You resist.
* * * LOW HITPOINT WARNING * * *
The deep elf knight points at you and mumbles some strange words.
The lance of force hits you!
You die...

#.# #................... #≈#
##................... ..#
##.................. ..########
##)..#.............#
.........###...###e..........#
#.#########..)## ##.........##
..# ##.)e###..)........## ..#
##)))#.....(.......# ..#
##...@.............. ..#
#................... ..#
#....................
..##########...................
.........# ##..................
....(###.# #..................
.....##.## #...................
.....#.## #....................
........####..............


You could see a deep elf knight (fast).

Vanquished Creatures
  Rupert (D:14)
  A sphinx (Depths:1)
  Polyphemus (Shoals:3)
  A tengu reaver (Depths:1)
  A kraken (Shoals:3)
  Frances (Snake:2)
  Agnes (Snake:3)
  2 nagarajas
  A fire giant (Depths:1)
  A frost giant (IceCv)
  A deep elf sorcerer (Elf:2)
  A reaper (Depths:1)
  4 stone giants (Depths:1)
  A deep elf annihilator (Elf:1)
  A dire elephant (Lair:6)
  Snorg (D:12)
  Azrael (Snake:3)
  Josephine (D:10)
  5 merfolk impalers
  A fire dragon (Depths:1)
  Harold (D:8)
  An ogre mage (Depths:1)
  3 rakshasas (Depths:1)
  3 ice dragons (Depths:1)
  8 naga warriors
  A monstrous demonspawn (Depths:1)
  7 hydras
  A great orb of eyes (Depths:1)
  A vault guard (D:13)
  A catoblepas (Shoals:3)
  7 centaur warriors
  3 merfolk avatars
  8 anacondas
  Erica (D:8)
  A satyr (Shoals:3)
  9 death yaks
  13 two-headed ogres
  23 dancing weapons
  A tengu warrior (Depths:1)
  3 shock serpents
  4 orc high priests
  8 deep elf knights
  12 naga sharpshooters
  A vampire mage (Depths:1)
  A storm dragon skeleton (Depths:1)
  2 salamander mystics (Snake:3)
  9 skeletal warriors
  9 sea snakes
  An unseen horror (D:11)
  An infernal demonspawn (Depths:1)
  A deep troll (D:13)
  9 deep elf archers
  Pikel (D:4)
  2 wizards
  10 orc knights
  A lindwurm (D:13)
  A phantasmal warrior (D:15)
  3 naga ritualists
  7 harpies
  2 necromancers
  2 tengu zombies (D:15)
  44 deep elf magi
  An orb spider (shapeshifter) (Depths:1)
  3 orc sorcerers (Orc:2)
  3 mana vipers
  8 cyclopes
  11 salamanders
  4 ugly things
  11 fauns
  6 manticores
  4 elephants
  A stone giant zombie (Depths:1)
  9 naga magi
  5 guardian serpents
  An ice statue (IceCv)
  4 merfolk sirens
  A rust devil (Depths:1)
  2 water nymphs
  24 black mambas
  A gargoyle (D:11)
  Maggie (D:9)
  A torpor snail (Lair:4)
  4 rime drakes
  3 kobold demonologists
  11 spiny frogs
  A redback zombie (D:14)
  9 komodo dragons
  A freezing wraith (D:11)
  An efreet (D:14)
  2 yaktaurs
  A hellwing (Depths:1)
  A troll (shapeshifter) (D:13)
  20 merfolk
  4 trolls
  A harpy skeleton (D:15)
  3 hornets
  13 blink frogs
  4 wind drakes
  15 polar bears
  5 slime creatures (Depths:1)
  2 fire dragon zombies
  18 hippogriffs
  15 dream sheep
  A spriggan zombie (Depths:1)
  A meliai zombie (D:12)
  2 air elementals
  Sigmund (D:2)
  5 wraiths
  3 water elementals
  8 wyverns
  A shadow (D:13)
  A human (D:10)
  A vampire (D:11)
  77 yaks
  3 hungry ghosts
  3 hogs (D:10)
  6 fire elementals
  6 basilisks
  5 vampire mosquitoes
  28 nagas
  2 wargs
  2 hell hounds (Snake:3)
  18 water moccasins
  3 soldier ants
  3 acid dragons
  3 porcupines
  7 ice beasts
  31 orc warriors
  5 sky beasts
  A deep troll simulacrum (Depths:1)
  5 phantoms
  4 black bears
  4 slaves (D:4)
  16 ogres
  10 wolves
  12 centaurs
  16 crocodiles
  4 big kobolds
  A gnoll sergeant (D:11)
  23 bullfrogs
  2 earth elementals
  A water moccasin zombie (D:8)
  A water moccasin skeleton (D:8)
  4 scorpions
  4 wights (D:7)
  14 killer bees
  4 howler monkeys
  9 crimson imps
  2 quasits
  4 bullfrog zombies
  6 jellies
  6 centaur zombies
  4 bullfrog skeletons
  15 hounds
  Crazy Yiuf (D:4)
  6 centaur skeletons
  14 orc priests
  A gnoll shaman (D:7)
  26 orc wizards
  5 iguanas
  6 hell rats (Lair:2)
  14 worker ants
  2 hound skeletons
  3 hound zombies
  2 worker ant zombies
  Robin (D:3)
  2 howler monkey zombies
  4 gnolls (D:7)
  8 river rats (Lair:2)
  14 adders
  4 shadow imps
  12 white imps (Lair:2)
  An adder zombie (D:7)
  An adder skeleton (D:5)
  3 dart slugs
  4 leopard geckos
  102 orcs
  A ball python (D:2)
  6 giant cockroaches
  15 hobgoblins
  14 kobolds
  6 quokkas
  6 bats
  2 frilled lizards
  15 goblins
  11 rats
  3 tentacles (Shoals:3)
1203 creatures vanquished.

Vanquished Creatures (collateral kills)
  A storm dragon (D:11)
  A death knight (D:11)
  A mana viper (Snake:2)
  2 deep elf magi
  A fire giant skeleton (D:15)
  2 blink frogs (Lair:2)
  A jelly (D:8)
  A hound zombie (D:11)
  A leopard gecko (D:11)
11 creatures vanquished.

Vanquished Creatures (others)
  A frost giant (Depths:1)
  2 deep elf magi
  A naga mage (Snake:3)
  A merfolk (Shoals:1)
  A kobold (D:15)
  2 fungi
  15 plants
  5 tentacles (Shoals:3)
28 creatures vanquished.

Grand Total: 1242 creatures vanquished

Notes
Turn   | Place    | Note
-------+----------+-------------------------------------------
     0 | D:1      | gruber the Gargoyle Ice Elementalist began the quest for
                  | the Orb.
     0 | D:1      | Reached XP level 1. HP: 10/10 MP: 3/3
   341 | D:1      | Reached XP level 2. HP: 6/15 MP: 0/5
  1079 | D:1      | Reached XP level 3. HP: 19/19 MP: 6/6
  1168 | D:2      | Reached skill level 5 in Ice Magic
  1393 | D:2      | Noticed Sigmund
  1401 | D:2      | Learned a level 3 spell: Frozen Ramparts
  2103 | D:2      | Found a snail-covered altar of Cheibriados.
  2352 | D:2      | Killed Sigmund
  2352 | D:2      | Reached XP level 4. HP: 24/24 MP: 0/7
  2352 | D:2      | Reached XP level 5. HP: 28/28 MP: 0/8
  2517 | D:2      | Reached XP level 6. HP: 26/32 MP: 9/9
  2652 | D:2      | Found a burning altar of Makhleb.
  2652 | D:2      | Found an iron altar of Okawaru.
  2673 | D:2      | Found a shimmering blue altar of Sif Muna.
  2791 | D:3      | Noticed Robin
  2806 | D:3      | Killed Robin
  3732 | D:4      | Noticed Pikel
  3732 | D:4      | Noticed a slave
  3732 | D:4      | Noticed a slave
  3732 | D:4      | Noticed a slave
  3733 | D:4      | Noticed a slave
  3745 | D:4      | Killed a slave
  3746 | D:4      | Killed a slave
  3747 | D:4      | Killed a slave
  3756 | D:4      | Killed a slave
  3759 | D:4      | Killed Pikel
  3759 | D:4      | Reached skill level 5 in Shields
  3759 | D:4      | Reached XP level 7. HP: 36/36 MP: 4/10
  3838 | D:4      | Reached skill level 1 in Maces & Flails
  3950 | D:4      | Found a runed translucent door.
  3951 | D:4      | Found the +5 demon whip "Spellbinder" {antimagic, MR+}
  3951 | D:4      | Noticed Crazy Yiuf
  4050 | D:4      | Reached XP level 8. HP: 41/41 MP: 7/11
  4211 | D:4      | Learned a level 4 spell: Hailstorm
  4215 | D:4      | Learned a level 3 spell: Static Discharge
  5315 | D:4      | Killed Crazy Yiuf
  5544 | D:5      | Entered Level 5 of the Dungeon
  5616 | D:5      | Reached skill level 5 in Maces & Flails
  6455 | D:5      | Found a staircase to the Ecumenical Temple.
  6461 | Temple   | Entered the Ecumenical Temple
  6769 | D:2      | Became a worshipper of Makhleb the Destroyer
  6948 | D:6      | Reached XP level 9. HP: 39/45 MP: 4/12
  7239 | D:6      | Found Ecaitzept's Food Shoppe.
  7273 | D:6      | Found an opulent altar of Gozag.
  7388 | D:7      | Reached * piety under Makhleb
  7908 | D:7      | Reached skill level 5 in Armour
  8202 | D:7      | Reached skill level 1 in Invocations
  8766 | D:7      | Reached XP level 10. HP: 50/50 MP: 4/13
  8934 | D:8      | You fall into a shaft and drop 2 floors!
  8934 | D:10     | Entered Level 10 of the Dungeon
  8934 | D:10     | Found Zudulosh's Weapon Shop.
  9010 | D:10     | Found a staircase to the Orcish Mines.
  9014 | D:10     | Found Foraheru's Armour Shop.
  9020 | D:10     | Reached skill level 5 in Invocations
  9214 | D:10     | Noticed a two-headed ogre
  9235 | D:10     | Killed a two-headed ogre
  9609 | D:10     | Reached ** piety under Makhleb
  9935 | D:9      | Found Mucig's Changing Room.
  9995 | D:9      | Noticed a two-headed ogre
 10065 | D:8      | Noticed Erica
 10076 | D:8      | Killed Erica
 10229 | D:8      | Reached skill level 10 in Invocations
 10240 | D:8      | Reached skill level 1 in Fighting
 10564 | D:8      | Noticed Maurice
 10644 | D:8      | Found a runed translucent gate.
 10645 | D:8      | Found a runed translucent gate.
 10645 | D:8      | Found a runed translucent gate.
 10645 | D:8      | Noticed an 11-headed hydra
 10645 | D:8      | Noticed ioannis32's ghost (novice DsBe)
 10646 | D:8      | Noticed a nine-headed hydra
 10714 | D:8      | Reached XP level 11. HP: 60/60 MP: 4/18
 11054 | D:8      | Noticed Harold
 11080 | D:8      | Killed Harold
 11470 | D:9      | Found a bloodstained altar of Trog.
 11531 | D:9      | Noticed Maggie
 11547 | D:9      | Killed Maggie
 11709 | D:9      | Reached *** piety under Makhleb
 12294 | D:9      | Killed a two-headed ogre
 12341 | D:10     | Bought a +0 pair of gloves for 63 gold pieces
 12356 | D:11     | Noticed a cyclops
 12646 | D:9      | Learned a level 4 spell: Petrify
 13152 | D:11     | Killed a cyclops
 13363 | D:11     | Noticed a two-headed ogre
 13380 | D:11     | Killed a two-headed ogre
 13380 | D:11     | Reached skill level 5 in Earth Magic
 13542 | D:11     | Noticed a cyclops
 13680 | D:11     | Killed a cyclops
 13680 | D:11     | Reached XP level 12. HP: 76/76 MP: 3/19
 13770 | D:11     | Noticed a centaur warrior
 13782 | D:11     | Killed a centaur warrior
 13782 | D:11     | Reached skill level 5 in Spellcasting
 13998 | D:11     | Found a staircase to the Lair.
 14026 | D:11     | Reached **** piety under Makhleb
 14255 | D:11     | Noticed Josephine
 14322 | D:11     | Noticed a two-headed ogre
 14342 | D:11     | Killed a two-headed ogre
 14342 | D:11     | Reached skill level 5 in Stealth
 14611 | D:11     | Noticed a death knight
 14634 | D:11     | Killed a death knight
 14768 | D:11     | Learned a level 4 spell: Summon Ice Beast
 14854 | D:11     | Noticed a two-headed ogre
 14862 | D:11     | Identified the +4 longbow of Noekkiho {freeze, +Inv SInv}
 14862 | D:11     | Identified the cursed +1 scale mail "Eqilapt" {rPois}
 15208 | D:10     | Killed a two-headed ogre
 15214 | D:10     | Killed Josephine
 15336 | D:11     | Noticed a centaur warrior
 15352 | D:11     | Killed a centaur warrior
 15352 | D:11     | Reached skill level 5 in Dodging
 15352 | D:11     | Reached skill level 1 in Summonings
 15590 | D:11     | Noticed a two-headed ogre
 15695 | D:11     | Noticed a storm dragon
 15719 | D:11     | Killed a storm dragon
 15719 | D:11     | Reached XP level 13. HP: 10/80 MP: 7/22
 16671 | D:11     | Reached skill level 10 in Maces & Flails
 16928 | D:11     | Identified the Guide on Shape Shifting and Fire
 16947 | D:11     | Identified Sif Muna's Disquisition on Transmigration
 17740 | D:12     | Noticed Snorg
 17757 | D:12     | Killed Snorg
 18083 | D:12     | Reached ***** piety under Makhleb
 18553 | D:13     | Reached skill level 10 in Armour
 18678 | D:13     | Found a flagged portal.
 18688 | Bailey   | Entered a bailey
 18917 | Bailey   | Gained mutation: Your large and strong wings let you fly
                  | indefinitely. [Gargoyle growth]
 18917 | Bailey   | Reached XP level 14. HP: 86/86 MP: 4/23
 19335 | D:13     | Identified a scroll of acquirement
 19336 | D:13     | Acquired a +2 pair of boots of stealth
 19475 | D:13     | You fall into a shaft and drop 2 floors!
 19475 | D:15     | Entered Level 15 of the Dungeon
 19518 | D:15     | Identified the Almanac of Protection and the Escort
 19555 | D:15     | Identified Roxanne's Papyrus of Changing
 19555 | D:15     | Noticed Roxanne
 20730 | D:14     | Noticed Rupert
 20734 | D:14     | Paralysed by Rupert for 7 turns
 20753 | D:14     | Killed Rupert
 20938 | D:14     | Reached skill level 6 in Shields
 20948 | D:14     | Found Coem's Food Emporium.
 21162 | D:14     | Reached skill level 7 in Shields
 21342 | D:13     | Found a portal to a secret trove of treasure.
 21374 | D:13     | Reached ****** piety under Makhleb
 21374 | D:13     | Reached skill level 8 in Shields
 21714 | D:13     | Found a gate to the Vaults.
 21808 | D:13     | Reached skill level 9 in Shields
 22017 | D:13     | Found Laekup's Magic Scroll Boutique.
 22034 | D:13     | Reached skill level 11 in Shields
 22034 | D:13     | Reached XP level 15. HP: 90/90 MP: 8/24
 22138 | Lair:1   | Entered Level 1 of the Lair of Beasts
 22157 | Lair:1   | Reached XP level 16. HP: 96/96 MP: 8/25
 23068 | Lair:2   | Found a frozen archway.
 23077 | IceCv    | Entered an ice cave
 23131 | IceCv    | Reached skill level 12 in Shields
 25649 | Lair:4   | Found a staircase to the Snake Pit.
 26020 | Lair:4   | Found a staircase to the Shoals.
 26617 | Lair:5   | Found a viscous altar of Jiyva.
 26619 | Lair:5   | Found a staircase to the Slime Pits.
 27198 | Lair:5   | Found a runed translucent gate.
 27198 | Lair:5   | Found a runed translucent gate.
 27198 | Lair:5   | Found a runed translucent gate.
 27203 | Lair:5   | Found the +8 autumn katana {vorpal, Clar}
 27203 | Lair:5   | Noticed Boesisch's ghost (journeyman DrFE)
 27385 | Lair:6   | Entered Level 6 of the Lair of Beasts
 27883 | Lair:6   | Reached XP level 17. HP: 100/100 MP: 2/26
 28870 | Orc:1    | Entered Level 1 of the Orcish Mines
 29085 | Orc:1    | Found a roughly hewn altar of Beogh.
 29456 | Orc:2    | Entered Level 2 of the Orcish Mines
 29523 | Orc:2    | Found Veec's Antique Armour Emporium.
 29526 | Orc:2    | Bought the +4 Cigotuvi's embrace {rRot *Drain rN+} for 662
                  | gold pieces
 29526 | Orc:2    | Found the +4 Cigotuvi's embrace {rRot *Drain rN+}
 29632 | Orc:2    | Found Ramyn's Retail Resort.
 29650 | Orc:2    | Bought an uncursed amulet of regeneration for 390 gold
                  | pieces
 29679 | Orc:2    | Found a staircase to the Elven Halls.
 29991 | Orc:2    | Reached skill level 15 in Maces & Flails
 30139 | Orc:2    | Found Fuegoc's Food Boutique.
 30139 | Orc:2    | Found Icsud's Book Shoppe.
 30141 | Orc:2    | Found Xiall's Weapon Shoppe.
 30141 | Orc:2    | Found Cyabagiu's Jewellery Boutique.
 30521 | D:15     | Found a staircase to the Depths.
 31024 | Snake:1  | Entered Level 1 of the Snake Pit
 31637 | Snake:1  | Found a sparkling altar of Nemelex Xobeh.
 32313 | Snake:2  | HP: 5/100 [naga warrior/+0 dire flail (6)]
 32475 | Snake:2  | Found a bloodstained altar of Trog.
 32746 | Snake:2  | Noticed Frances
 32768 | Snake:2  | Killed Frances
 33600 | Snake:3  | Reached XP level 18. HP: 100/105 MP: 9/27
 33676 | Snake:3  | Found Donukuon's Distillery.
 33680 | Snake:3  | Found Ynekur's Armour Shoppe.
 33722 | Snake:3  | Reached skill level 10 in Dodging
 33815 | Snake:3  | Noticed Agnes
 34231 | Snake:3  | Noticed Azrael
 34634 | Snake:3  | Killed Agnes
 35196 | Snake:3  | Killed Azrael
 35426 | Snake:4  | Entered Level 4 of the Snake Pit
 35592 | Shoals:1 | Entered Level 1 of the Shoals
 35652 | Shoals:1 | Found a runed translucent gate.
 35700 | Shoals:1 | Found a runed translucent gate.
 35712 | Shoals:1 | Found a runed translucent gate.
 35714 | Shoals:1 | Noticed Wecaes's ghost (journeyman HOFE)
 36222 | Shoals:1 | Reached skill level 13 in Shields
 37566 | Shoals:3 | Reached skill level 14 in Shields
 37741 | Shoals:3 | Noticed Polyphemus
 37818 | Shoals:3 | Killed Polyphemus
 38019 | Shoals:3 | Reached skill level 15 in Shields
 38391 | Shoals:3 | Reached XP level 19. HP: 98/110 MP: 9/28
 38917 | Depths:1 | Entered Level 1 of the Depths
 39050 | Depths:1 | Reached skill level 16 in Shields
 39324 | Depths:1 | Found a gateway to Hell.
 39367 | Depths:1 | Reached skill level 17 in Shields
 39491 | Depths:1 | Found Faoly's Antique Armour Shop.
 40142 | Depths:1 | Found a one-way gate leading to the halls of Pandemonium.
 40398 | Elf:1    | Entered Level 1 of the Elven Halls
 40732 | Elf:1    | Reached skill level 18 in Shields
 41055 | Elf:1    | Identified the Compendium of Creative Arcane Weapons
 41322 | Elf:1    | Found Qotipa's Weapon Boutique.
 41362 | Elf:1    | Found Guibbeblu's Gadget Shoppe.
 41362 | Elf:1    | Found Merchel's Jewellery Shop.
 41363 | Elf:1    | Found Ryit's Gadget Shoppe.
 41885 | Elf:2    | Reached skill level 19 in Shields
 42114 | Elf:2    | Found a runed translucent gate.
 42114 | Elf:2    | Found a runed translucent gate.
 42151 | Elf:2    | Reached XP level 20. HP: 115/115 MP: 6/29
 42376 | Elf:2    | Found a runed translucent gate.
 42893 | Elf:2    | Killed from afar by a deep elf knight

Illustrated notes

Levels and vault maps discovered:
D:1:      wander_arrival_fairy_ring, layout_basic
D:2:      layout_rooms, cheibriados_altar_1, grunt_temple_overflow_open,
          led_sif_pool, first_ration, minmay_worlds_worst_comb, uniq_sigmund
D:3:      layout_loops_ring, uniq_robin
D:4:      layout_basic, kennysheep_generic_room_12, uniq_pikel,
          uniq_crazy_yiuf_cottage
D:5:      layout_basic, minmay_temple_entry_enclosed_plants, minmay_pentangle
D:6:      layout_rooms, basic_altar, serial_shops, shop
D:7:      layout_basic
D:8:      layout_basic, gammafunk_ghost_hydra_chop, uniq_harold, uniq_erica,
          uniq_maurice
D:9:      layout_basic, basic_altar, nicolae_transmutations_shop, uniq_maggie
D:10:     layout_roguey, orc_david_3, grunt_livestock
D:11:     minmay_the_grid_square_5x5_5x5_mashed [minmay_the_grid_square_5x5_six,
          minmay_the_grid_square_5x5_misaligned,
          minmay_the_grid_square_5x5_moneybag,
          minmay_the_grid_square_5x5_inner_v, minmay_the_grid_square_5x5_empty,
          minmay_the_grid_square_5x5_shuriken,
          minmay_the_grid_square_5x5_prize_monsterx,
          minmay_the_grid_square_5x5_c,
          minmay_the_grid_square_5x5_prize_deathbox,
          minmay_the_grid_square_5x5_eight_small,
          minmay_the_grid_square_5x5_spiral, minmay_the_grid_square_5x5_bridge,
          minmay_the_grid_square_5x5_prize_gold,
          minmay_the_grid_square_5x5_plus,
          minmay_the_grid_square_5x5_three_walls,
          minmay_the_grid_square_5x5_three,
          minmay_the_grid_square_5x5_prize_snowflake,
          minmay_the_grid_square_5x5_percent,
          minmay_the_grid_square_5x5_prize_itemx,
          minmay_the_grid_square_5x5_mess, minmay_the_grid_square_5x5_lines,
          minmay_the_grid_square_5x5_hollow_slash,
          minmay_the_grid_square_5x5_half_checkered,
          minmay_the_grid_square_5x5_beaten_path,
          minmay_the_grid_square_5x5_shrine2], layout_cave_pools, uniq_josephine
D:12:     layout_irregular_city, uniq_snorg
D:13:     layout_roguey, david_vaults_4, nicolae_trove_entry_crystal,
          enter_bailey_6, serial_shops, shop
D:14:     layout_irregular_city, serial_shops, nicolae_shop_statue_plus,
          uniq_rupert
D:15:     gammafunk_depths_entry_grave, layout_rooms, grunt_ministairs_2,
          uniq_roxanne
Temple:   hc_temple_tempest_star
Lair:1:   layout_chaotic_city, minmay_stone_trees_medium
Lair:2:   layout_gridlike, portal_ice_cave_entry_imps,
          kennysheep_abandoned_house
Lair:3:   layout_cave_pods
Lair:4:   layout_cave_pods, minmay_shoals_entry_beasts, dummy_snake_entry
Lair:5:   layout_cave_pods, slime_altar_1, gammafunk_ghost_necromancy,
          grunt_megastairs_2
Lair:6:   gammafunk_lair_ancient_temple, layout_cave_shapes,
          nicolae_quartered_pool_medium
Shoals:1: layout_shoals, gammafunk_ghost_necromancy
Shoals:2: layout_shoals
Shoals:3: layout_shoals, nicolae_shoals_kraken_intersection, uniq_polyphemus
Snake:1:  layout_misc_corridors, basic_altar, nrook_guardian_serpent_double
Snake:2:  layout_chambers, basic_altar, uniq_frances
Snake:3:  layout_chambers, lemuel_fruit_tree, minmay_shop_star, uniq_azrael,
          uniq_agnes
Snake:4:  snake_pit, layout_gridlike
Orc:1:    layout_diamond_mine, basic_altar
Orc:2:    grunt_orc_tribal_feast, layout_caves, serial_shops,
          nicolae_shop_window_shopping, nicolae_alphabet_shops
Elf:1:    eino_elf_arrival_the_gate, layout_geoelf_grid, serial_shops,
          nicolae_shop_window_shopping, minmay_elf_sorcery, minmay_shop_grove
Elf:2:    layout_loops_cross
Depths:1: layout_basic, minmay_misc_feat_four_crosses,
          pf_vacation_house_of_asmodeus, rand_demon_pan_entry_8, serial_shops,
          nicolae_shop_behind_doors, lightli_corner_chamber

Skill      XL: |  1  2  3  4  5  6  7  8  9 10 11 12 13 14 15 16 17 18 19 |
---------------+----------------------------------------------------------+-----
Ice Magic      | 6 7 |  7.4
Shields        | 5 11 12 15 19 | 19.8
Maces & Flails | 1 6 8 10 14 16 | 16.0
Armour         | 6 10 14 | 14.0
Invocations    | 4 10 | 10.0
Fighting       | 3 9 |  9.0
Earth Magic    | 5 |  5.1
Spellcasting   | 4 6 |  6.2
Stealth        | 6 |  6.2
Dodging        | 6 9 11 | 11.3
Summonings     | 1 3 |  3.4
Staves         | |  0.5
Conjurations   | |  0.6
Air Magic      | |  0.7

Action                   |  1- 3 |  4- 6 |  7- 9 | 10-12 | 13-15 | 16-18 | 19-21 || total
-------------------------+-------+-------+-------+-------+-------+-------+-------++-------
Melee: Unarmed           |    26 |       |       |       |       |       |       ||    26
       Spear             |    86 |    88 |       |       |       |       |       ||   174
       Whip              |       |       |    79 |       |       |       |       ||    79
       Demon whip        |       |       |   234 |   613 |  1109 |  3180 |  1057 ||  6193
       Eveningstar       |       |       |       |       |       |       |    56 ||    56
Throw: Javelin           |       |       |       |     1 |       |       |       ||     1
 Cast: Freeze            |    25 |     2 |       |       |       |       |       ||    27
       Frozen Ramparts   |     6 |     6 |    21 |    47 |    47 |    76 |    22 ||   225
       Static Discharge  |       |       |     1 |       |       |       |       ||     1
       Hailstorm         |       |       |       |     2 |     1 |     1 |       ||     4
       Summon Ice Beast  |       |       |       |     2 |     1 |     1 |       ||     4
Invok: Lesser Servant of |       |       |       |     3 |     2 |     5 |       ||    10
       Minor Destruction |       |       |       |       |     4 |       |       ||     4
 Abil: Fly               |       |       |       |       |       |     1 |       ||     1
Evoke: Wand              |       |       |       |     7 |     1 |       |     1 ||     9
  Use: Scroll            |       |       |     7 |     4 |    13 |     6 |     5 ||    35
       Potion            |       |       |       |     2 |     3 |     1 |       ||     6
 Stab: Sleeping          |     7 |     7 |     5 |     3 |       |    14 |     8 ||    44
       Distracted        |       |       |       |       |     1 |     2 |     1 ||     4
       Petrified         |       |       |       |       |       |     6 |       ||     6
  Eat: Chunk             |     5 |     5 |    21 |    25 |    25 |    27 |       ||   108
       Ration            |       |       |       |     1 |       |     9 |     5 ||    15
Armor: Robe              |    35 |    28 |    63 |   162 |    32 |       |       ||   320
       Storm dragon scal |       |       |       |       |   445 |   584 |       ||  1029
       Leather armour    |       |       |       |       |       |   540 |   249 ||   789
Dodge: Dodged            |    57 |    76 |   130 |   280 |   453 |   752 |   253 ||  2001
Block: Buckler           |       |       |    39 |   108 |   167 |    92 |       ||   406
       Tower shield      |       |       |       |       |       |  1895 |   661 ||  2556
